 Dungeon Crawl Stone Soup version bcrawl-1.28.5 (console) character file.

Game seed: 14860594422212946171

235900 GodsVoicemail the Conjurer (level 9, -2/62 HPs)
             Began as a Demonspawn Wizard on Feb 19, 2021.
             Was a Believer of Lugonu.
             Slain by a troll (12 damage)
             ... on level 8 of the Dungeon.
             The game lasted 00:39:30 (7558 turns).

GodsVoicemail the Conjurer (Demonspawn Wizard)      Turns: 7558, Time: 00:39:31

Health: -2/62      AC:  3    Str:  8    XL:     9   Next: 30%
Magic:  4/17       EV: 12    Int: 22    God:    Lugonu [**....]
Gold:   321        SH:  0    Dex: 12    Spells: 8/19 levels left

rFire    + . .     SeeInvis .   a - +2 trident (venom)
rCold    . . .     Gourm    .   (no shield)
rNeg     . . .     Faith    .   b - +0 robe
rPois    .         Spirit   .   c - +0 hat
rElec    .         Reflect  .   o - +0 cloak
rCorr    .         Harm     .   (no gloves)
MR       .....                  (no boots)
Stlth    +.........             j - amulet of rage
HPRegen  0.20/turn              (no ring)
MPRegen  0.15/turn              (no ring)

@: confused
A: horns 1, talons 1, demonic guardian 1, fire resistance 1, spiny 2
a: Depart the Abyss, Bend Space, Banish, Renounce Religion, Evoke Berserk Rage


You were on level 8 of the Dungeon.
You worshipped Lugonu.
Lugonu was pleased with you.
You were very hungry.

You visited 1 branch of the dungeon, and saw 8 of its levels.

You collected 523 gold pieces.
You spent 202 gold pieces at shops.

Inventory:

Hand Weapons
 a - a +2 trident of venom (weapon)
 y - a +0 staff
 A - a +3 short sword
Missiles
 h - a throwing net {=f}
 D - 66 poisoned tomahawks (quivered)
Armour
 b - a +0 robe (worn)
 c - a +0 hat (worn)
 n - a +0 buckler
 o - a +0 cloak (worn)
 t - a scarf of spirit shield
Jewellery
 j - an amulet of rage (around neck)
 I - a cursed ring of teleportation {unknown}
Wands
 p - a wand of iceblast (10)
 C - a wand of paralysis (7)
 E - a wand of random effects (6)
Scrolls
 d - a scroll of enchant weapon {unknown}
 i - 7 scrolls of teleportation
 l - 4 scrolls of identify
 r - a scroll of fear {unknown}
 w - a scroll of remove curse
 x - 2 scrolls of magic mapping
 F - a scroll of vulnerability {unknown}
 G - a scroll of fog {unknown}
Potions
 f - 4 potions of brilliance
 g - a potion of lignification {unknown}
 k - 5 potions of degeneration {unknown}
 m - 2 potions of heal wounds
 q - 4 potions of curing {unknown}
 s - 2 potions of might {unknown}
 u - a potion of mutation {unknown}
 v - 3 potions of agility {unknown}
 z - a potion of resistance
 B - 2 potions of flight {unknown}
Comestibles
 e - 11 rations {!d}


   Skills:
 * Level 2.7 Fighting
 - Level 1.7 Dodging
 - Level 2.0 Stealth
 * Level 5.9 Spellcasting
 * Level 7.2 Conjurations
 - Level 2.0 Summonings
 + Level 1.8 Translocations
 + Level 2.6 Fire Magic
 + Level 2.4 Air Magic
 * Level 5.3 Poison Magic
 + Level 3.6 Invocations


You had 8 spell levels left.
You knew the following spells:

 Your Spells              Type           Power        Failure   Level  Hunger
a - Magic Dart            Conj           ####         1%          1    None
b - Blink                 Tloc           N/A          6%          2    None
c - Mephitic Cloud        Conj/Pois/Air  ####....     3%          3    ##.....
d - Conjure Flame         Conj/Fire      ####....     3%          3    ##.....
e - Call Imp              Summ           ###...       6%          2    None

Your spell library contained the following spells:

 Spells                   Type           Power        Failure   Level  Hunger
 Spider Form              Tmut/Pois      ###          10%         3    ##.....


Dungeon Overview and Level Annotations

Branches:
Dungeon (8/12)             Temple (0/1) D:6
   Lair: D:7-9          Orc: D:8-11

Altars:
Lugonu
Okawaru
Zin

Shops:
D:7 ?

Portals:
Abyss: D:3

Annotations:
D:3 exclusion: downstairs
D:4 exclusions: sky beast and 1 more exclusion
D:5 exclusions: black bear and 2 more exclusions, Edmund


Innate Abilities, Weirdness & Mutations

You have a pair of small horns on your head.
You have sharp toenails.
A weak demonic guardian rushes to your aid.
Your flesh is heat resistant. (rF+)
You are mostly covered in sharp spines.


Message History

The worker ant appears confused.
The troll gestures wildly.
A killer bee comes into view.
The killer bee buzzes angrily.
The killer bee is engulfed in noxious fumes.
The killer bee appears confused.
The killer bee is engulfed in noxious fumes.
The killer bee appears confused.
The killer bee barely misses you.
The killer bee is engulfed in noxious fumes.
The killer bee appears confused.
The worker ant is engulfed in noxious fumes.
The worker ant appears confused.
The killer bee is engulfed in noxious fumes.
The killer bee appears confused.
The killer bee barely misses the killer bee.
The troll is engulfed in noxious fumes.
The troll appears confused.
The troll is struck by your spines. The troll bites you!!
* * * LOW HITPOINT WARNING * * *
The troll claws you!
You die...

##### .$
####y§a###..y.
#..@y☼☼.yyy...
#.##T5§##○...
# #.......#..
#.#######
#....#
####.#+##
#.....#
#.^...#
#.....#


You could see a troll (confused), a worker ant (confused), 5 killer bees and a
friendly crimson imp.

Vanquished Creatures
  A two-headed ogre (D:7)
  Grinder (D:5)
  A yak (D:6)
  A hornet zombie (D:6)
  A sky beast (D:4)
  2 ogres
  2 phantoms
  A big kobold (D:7)
  2 scorpions
  A crimson imp (D:4)
  A centaur zombie (D:5)
  2 bullfrog zombies
  2 orc priests (D:6)
  Jessica (D:2)
  2 bullfrog skeletons (D:4)
  2 iguanas
  3 orc wizards
  3 worker ants
  10 adders
  3 gnolls (D:2)
  An ooze (D:4)
  3 worms
  6 dart slugs
  5 leopard geckos
  18 orcs
  3 bats (D:1)
  9 hobgoblins
  10 jackals
  6 quokkas
  2 ball pythons
  3 frilled lizards
  A jackal skeleton (D:7)
  6 kobolds
  8 rats
123 creatures vanquished.

Vanquished Creatures (collateral kills)
  A hippogriff (D:7)
  Sigmund (D:3)
  Eustachio (D:4)
  An ice beast (D:5)
  2 howler monkeys
  A hound (D:6)
  An orc priest (D:6)
  A bullfrog skeleton (D:3)
  An orc wizard (D:6)
  2 orcs (D:6)
  A frilled lizard (D:3)
13 creatures vanquished.

Vanquished Creatures (others)
  A lurking horror (D:3)
1 creature vanquished.

Grand Total: 137 creatures vanquished

Notes
Turn   | Place    | Note
-------+----------+-------------------------------------------
     0 | D:1      | GodsVoicemail the Demonspawn Wizard began the quest for the
                  | Orb.
     0 | D:1      | Reached XP level 1. HP: 13/13 MP: 4/4
   258 | D:1      | Reached skill level 2 in Conjurations
   258 | D:1      | Gained mutation: Your flesh is heat resistant. (rF+)
                  | [demonic ancestry]
   258 | D:1      | Reached XP level 2. HP: 19/19 MP: 0/6
   683 | D:1      | Reached skill level 3 in Conjurations
   737 | D:1      | Gained mutation: A weak demonic guardian rushes to your
                  | aid. [demonic ancestry]
   737 | D:1      | Reached XP level 3. HP: 24/24 MP: 1/7
  1634 | D:2      | Found an iron altar of Okawaru.
  1822 | D:2      | Got a steaming steel amulet
  1887 | D:2      | Identified the amulet of the Sunfish {Inacc Str+4} (You
                  | found it on level 2 of the Dungeon)
  1915 | D:2      | Gained mutation: You are partially covered in sharp spines.
                  | [demonic ancestry]
  1915 | D:2      | Reached XP level 4. HP: 30/30 MP: 4/8
  1946 | D:2      | Noticed Jessica
  1949 | D:2      | Killed Jessica
  1950 | D:2      | Reached skill level 4 in Conjurations
  1953 | D:2      | Learned a level 2 spell: Blink
  1957 | D:2      | Learned a level 3 spell: Mephitic Cloud
  1961 | D:2      | Learned a level 3 spell: Conjure Flame
  2433 | D:3      | Reached skill level 1 in Poison Magic
  2433 | D:3      | Reached XP level 5. HP: 35/35 MP: 4/9
  2520 | D:3      | Noticed Sigmund
  2535 | D:3      | Killed Sigmund
  2536 | D:3      | Reached XP level 6. HP: 11/41 MP: 2/11
  2551 | D:3      | Reached skill level 5 in Conjurations
  2684 | D:3      | Learned a level 2 spell: Call Imp
  3111 | D:3      | Found a one-way gate to the infinite horrors of the Abyss.
  3112 | D:3      | Found a corrupted altar of Lugonu.
  3349 | D:3      | Became a worshipper of Lugonu the Unformed
  3538 | D:4      | Noticed Eustachio
  3983 | D:4      | Noticed a sky beast
  4130 | D:4      | Gained mutation: You are mostly covered in sharp spines.
                  | [demonic ancestry]
  4130 | D:4      | Reached XP level 7. HP: 46/46 MP: 6/13
  4652 | D:4      | Killed Eustachio
  4653 | D:4      | Reached skill level 1 in Fire Magic
  4653 | D:4      | Reached skill level 1 in Air Magic
  4653 | D:4      | Reached skill level 1 in Invocations
  4780 | D:5      | Entered Level 5 of the Dungeon
  4941 | D:5      | Noticed Grinder
  4968 | D:5      | Reached skill level 6 in Conjurations
  4992 | D:5      | Killed Grinder
  5033 | D:5      | Reached ** piety under Lugonu
  5128 | D:5      | Gained mutation: You have sharp toenails. [demonic
                  | ancestry]
  5128 | D:5      | Reached XP level 8. HP: 52/52 MP: 12/15
  5276 | D:5      | Noticed Edmund
  5440 | D:5      | Reached skill level 5 in Spellcasting
  5667 | D:5      | Found a glowing silver altar of Zin.
  6083 | D:6      | Found a staircase to the Ecumenical Temple.
  6158 | D:6      | Reached skill level 1 in Translocations
  6254 | D:6      | Reached skill level 1 in Fighting
  6456 | D:6      | Got a distressingly furry ring mail
  6457 | D:6      | Identified the +5 ring mail of the Maze {rPois rC+ Slay-6}
                  | (You found it on level 6 of the Dungeon)
  6762 | D:7      | Found Ytwaby's Magic Scroll Boutique.
  6768 | D:7      | Bought a scroll of identify for 30 gold pieces
  6768 | D:7      | Bought a scroll of identify for 30 gold pieces
  6768 | D:7      | Bought a scroll of teleportation for 45 gold pieces
  6768 | D:7      | Bought a scroll of teleportation for 45 gold pieces
  6932 | D:7      | Noticed a hippogriff
  6939 | D:7      | Killed a hippogriff
  6940 | D:7      | Reached skill level 5 in Poison Magic
  6940 | D:7      | Gained mutation: You have a pair of small horns on your
                  | head. [demonic ancestry]
  6940 | D:7      | Reached XP level 9. HP: 51/61 MP: 11/17
  7042 | D:7      | Noticed a two-headed ogre
  7056 | D:7      | Killed a two-headed ogre
  7057 | D:7      | Reached skill level 7 in Conjurations
  7506 | D:7      | Bought a scroll of magic mapping for 52 gold pieces
  7548 | D:8      | Noticed a troll
  7558 | D:8      | Slain by a troll

Skill      XL: |  1  2  3  4  5  6  7  8  9 |
---------------+----------------------------+-----
Conjurations   | 2 3 4 5 6 7 |  7.2
Poison Magic   | 1 2 3 4 5 |  5.3
Spellcasting   | 4 5 |  5.9
Fire Magic     | 1 2 |  2.6
Air Magic      | 1 2 |  2.4
Invocations    | 2 3 |  3.6
Translocations | 1 |  1.8
Fighting       | 2 |  2.7
Summonings     | 2 |  2.0
Dodging        | |  1.7
Stealth        | |  2.0

Action                   |  1- 3 |  4- 6 |  7- 9 || total
-------------------------+-------+-------+-------++-------
Melee: Staff             |     3 |     3 |       ||     6
       Short sword       |       |       |    11 ||    11
       Trident           |       |       |    27 ||    27
       Kick              |       |       |     5 ||     5
       Headbutt          |       |       |     1 ||     1
 Cast: Magic Dart        |   107 |   113 |   122 ||   342
       Mephitic Cloud    |       |     7 |    20 ||    27
       Conjure Flame     |       |     2 |     6 ||     8
       Call Imp          |       |       |     9 ||     9
       Blink             |       |       |     1 ||     1
Evoke: Wand              |       |     1 |       ||     1
  Use: Scroll            |     1 |     6 |     1 ||     8
 Stab: Confused          |       |       |     2 ||     2
  Eat: Chunk             |     5 |    10 |    11 ||    26
       Ration            |       |       |     1 ||     1
Armor: Robe              |     7 |     2 |     6 ||    15
Dodge: Dodged            |    17 |    18 |    28 ||    63
